| TOP OF THE 1ST |
|
Newark Black Sox batting - Pitching for Geneva Red Legs : RHP Jerry Jenkins
|
|
Pitching: RHP Jerry Jenkins
|
|
|
Batting: RHB Orlando Amaris
|
0-0: Fly out, F4 (Line Drive, 4, EV 68.1 MPH)
|
|
Batting: RHB Ellis Burks
|
0-0: Ball 1-0: Swinging Strike 1-1: Ball 2-1: Swinging Strike 2-2: Ground out 2-3 (Groundball, 2L, EV 64.4 MPH)
|
|
Batting: RHB Moises Acosta
|
0-0: Ball 1-0: Ball 2-0: Fly out, F4 (Popup, 34S, EV 76.9 MPH)
|
| Top of the 1st over - 0 runs, 0 hits, 0 errors, 0 left on base; Newark 0 - Geneva 0 |
| BOTTOM OF THE 1ST |
|
Geneva Red Legs batting - Pitching for Newark Black Sox : LHP Willie Texidor
|
|
Pitching: LHP Willie Texidor
|
|
|
Batting: RHB Bob Brower
|
0-0: Foul Ball, location: 2F 0-1: DOUBLE (Groundball, 5L, EV 105.0 MPH)
|
|
Batting: SHB Juan Castillo
|
0-0: Ball Bob Brower steals 3rd base 1-0: Ball 2-0: Ball 3-0: Called Strike 3-1: Swinging Strike 3-2: Reached on error, E5 (Groundball, 25, EV 83.8 MPH) Bob Brower scores
|
|
Batting: LHB Mike Kingery
|
0-0: Called Strike 0-1: Called Strike 0-2: Ball 1-2: Reached on error, E4 (Groundball, 4, EV 83.8 MPH) Juan Castillo to second
|
|
Batting: LHB Orsino Hill
|
0-0: Ball 1-0: Called Strike 1-1: Fly out, F7 (Line Drive, 7, EV 91.3 MPH)
|
|
Batting: RHB Victor Mendoza
|
0-0: Called Strike Juan Castillo steals 3rd base (no throw) Mike Kingery to second 0-1: DOUBLE (Line Drive, 78D, EV 108.8 MPH) Juan Castillo scores Mike Kingery scores
|
|
Batting: RHB Robby Thompson
|
0-0: Swinging Strike 0-1: Swinging Strike 0-2: Ball 1-2: Strikes out swinging
|
|
Batting: RHB Ricky Velasquez
|
0-0: Called Strike 0-1: Ball 1-1: Fly out, F3 (Line Drive, 3, EV 75.6 MPH)
|
| Bottom of the 1st over - 3 runs, 2 hits, 2 errors, 1 left on base; Newark 0 - Geneva 3 |
| TOP OF THE 2ND |
|
Newark Black Sox batting - Pitching for Geneva Red Legs : RHP Jerry Jenkins
|
|
Batting: RHB Adrien Perkins
|
0-0: Ball 1-0: Ball 2-0: Ball 3-0: Called Strike 3-1: SINGLE (Groundball, 5S, EV 73.1 MPH) (infield hit)
|
|
Batting: RHB Ignacio Velasquez
|
0-0: Called Strike 0-1: Ball 1-1: Foul Ball, location: 2F 1-2: Foul Ball, location: 2F 1-2: Foul Ball, location: 2F 1-2: Foul Ball, location: 2F 1-2: Fly out, F4 (Flyball, 4D, EV 82.5 MPH)
|
|
Batting: RHB Jerry Bendorf
|
0-0: Ball 1-0: Ball 2-0: Called Strike 2-1: Foul Ball, location: 2F 2-2: Fly out, F9 (Flyball, 9S, EV 95.0 MPH)
|
|
Batting: RHB Henry Hubbard
|
0-0: Ball 1-0: Ball 2-0: Ball 3-0: Called Strike 3-1: Fielders Choice at 2nd, 6-4 (Groundball, 6, EV 94.4 MPH)
|
| Top of the 2nd over - 0 runs, 1 hit, 0 errors, 1 left on base; Newark 0 - Geneva 3 |
| BOTTOM OF THE 2ND |
|
Geneva Red Legs batting - Pitching for Newark Black Sox : LHP Willie Texidor
|
|
Batting: LHB Juan Araujo
|
0-0: Called Strike 0-1: Ball 1-1: Called Strike 1-2: TRIPLE (Flyball, 78XD, EV 101.3 MPH)
|
|
Batting: RHB Danny Reyes
|
0-0: Ball 1-0: Ball 2-0: Ball 3-0: Base on Balls
|
|
Batting: RHB Bob Brower
|
0-0: Fielders Choice at 2nd, 6-4 (Groundball, 6, EV 82.5 MPH) Juan Araujo scores
|
|
Batting: SHB Juan Castillo
|
0-0: Reached on error, E3 (Groundball, 3, EV 81.9 MPH) Bob Brower to second
|
|
Batting: LHB Mike Kingery
|
0-0: Foul Ball, location: 2F 0-1: Foul Ball, location: 2F 0-2: SINGLE (Line Drive, 78S, EV 97.5 MPH) Bob Brower to third Juan Castillo to second Runner from 3rd tries for Home, SAFE, throw by LF to home Juan Castillo to third Mike Kingery to second
|
|
Batting: LHB Orsino Hill
|
0-0: Fly out, F8 (Line Drive, 8RD, EV 106.9 MPH) Runner from 3rd tags up, SCORES, no throw by CF
|
|
Batting: RHB Victor Mendoza
|
0-0: Called Strike 0-1: SINGLE (Line Drive, 4D, EV 111.9 MPH) Mike Kingery to third Runner from 3rd tries for Home, SAFE, throw by RF to home Victor Mendoza to second
|
|
Pitching: RHP Jay Fredlund
|
|
|
Batting: RHB Robby Thompson
|
0-0: Ball 1-0: Called Strike 1-1: Ball 2-1: Ball 3-1: DOUBLE (Line Drive, 3D, EV 99.4 MPH) Victor Mendoza scores
|
|
Batting: RHB Ricky Velasquez
|
0-0: Foul Ball, location: 2F 0-1: Ball 1-1: Ball 2-1: Ball 3-1: Ground out 6-3 (Groundball, 6, EV 93.1 MPH)
|
| Bottom of the 2nd over - 5 runs, 4 hits, 1 error, 1 left on base; Newark 0 - Geneva 8 |
| TOP OF THE 3RD |
|
Newark Black Sox batting - Pitching for Geneva Red Legs : RHP Jerry Jenkins
|
|
Batting: RHB Danny Griffin
|
0-0: Ball 1-0: Ball 2-0: Ball 3-0: Called Strike 3-1: Base on Balls
|
|
Batting: RHB Orlando Gonzalez
|
0-0: Called Strike 0-1: Ball 1-1: Foul Ball, location: 2F 1-2: Ball 2-2: Foul Ball, location: 2F 2-2: Fly out, F3 (Line Drive, 3, EV 67.5 MPH)
|
|
Batting: RHB Orlando Amaris
|
0-0: Ball 1-0: Ball 2-0: Ball 3-0: Called Strike 3-1: Fly out, F9 (Flyball, 9LM, EV 85.0 MPH)
|
|
Batting: RHB Ellis Burks
|
0-0: SINGLE (Groundball, 4D, EV 102.5 MPH) Danny Griffin to second
|
|
Batting: RHB Moises Acosta
|
0-0: Ground out 1-3 (Groundball, 15S, EV 66.3 MPH)
|
| Top of the 3rd over - 0 runs, 1 hit, 0 errors, 2 left on base; Newark 0 - Geneva 8 |
| BOTTOM OF THE 3RD |
|
Geneva Red Legs batting - Pitching for Newark Black Sox : RHP Jay Fredlund
|
|
Batting: LHB Juan Araujo
|
0-0: Called Strike 0-1: Ball 1-1: Foul Ball, location: 2F 1-2: SINGLE (Flyball, 5D, EV 91.9 MPH)
|
|
Batting: RHB Danny Reyes
|
0-0: SINGLE (Line Drive, 9S, EV 105.0 MPH) Juan Araujo to second
|
|
Batting: RHB Bob Brower
|
0-0: Ball 1-0: Fly out, F9 (Flyball, 9S, EV 84.4 MPH)
|
|
Batting: SHB Juan Castillo
|
0-0: Grounds into double play, 6-4-3 (Groundball, 6, EV 83.8 MPH)
|
| Bottom of the 3rd over - 0 runs, 2 hits, 0 errors, 1 left on base; Newark 0 - Geneva 8 |
| TOP OF THE 4TH |
|
Newark Black Sox batting - Pitching for Geneva Red Legs : RHP Jerry Jenkins
|
|
Batting: RHB Adrien Perkins
|
0-0: Ball 1-0: Foul Ball, location: 2F 1-1: Ball 2-1: Called Strike 2-2: Fly out, F8 (Flyball, 89D, EV 89.4 MPH)
|
|
Batting: RHB Ignacio Velasquez
|
0-0: Swinging Strike 0-1: DOUBLE (Flyball, 89D, EV 108.8 MPH)
|
|
Batting: RHB Jerry Bendorf
|
0-0: Ground out 5-3 (Groundball, 56, EV 87.5 MPH)
|
|
Batting: RHB Henry Hubbard
|
0-0: Ball 1-0: Ball 2-0: SINGLE (Line Drive, 9S, EV 107.5 MPH) Ignacio Velasquez to third Runner from 3rd tries for Home, SAFE, throw by RF to home
|
|
Batting: RHB Danny Griffin
|
0-0: Fly out, F7 (Flyball, 78XD, EV 103.8 MPH)
|
| Top of the 4th over - 1 run, 2 hits, 0 errors, 1 left on base; Newark 1 - Geneva 8 |
| BOTTOM OF THE 4TH |
|
Geneva Red Legs batting - Pitching for Newark Black Sox : RHP Jay Fredlund
|
|
Batting: LHB Mike Kingery
|
0-0: SINGLE (Line Drive, 6MD, EV 108.1 MPH)
|
|
Batting: LHB Orsino Hill
|
0-0: Ball 1-0: Swinging Strike 1-1: Swinging Strike 1-2: Ball 2-2: Ball 3-2: Foul Ball, location: 2F 3-2: Foul Ball, location: 2F 3-2: Strikes out swinging
|
|
Batting: RHB Victor Mendoza
|
0-0: Foul Ball, location: 2F 0-1: Called Strike 0-2: Ball 1-2: Ball 2-2: Strikes out swinging
|
|
Batting: RHB Robby Thompson
|
0-0: Foul Ball, location: 2F 0-1: Foul Ball, location: 2F 0-2: Fly out, F9 (Line Drive, 9, EV 100.6 MPH)
|
| Bottom of the 4th over - 0 runs, 1 hit, 0 errors, 1 left on base; Newark 1 - Geneva 8 |
| TOP OF THE 5TH |
|
Newark Black Sox batting - Pitching for Geneva Red Legs : RHP Jerry Jenkins
|
|
Batting: RHB Orlando Gonzalez
|
0-0: Ball 1-0: Ball 2-0: Swinging Strike 2-1: Ball 3-1: Base on Balls
|
|
Batting: RHB Orlando Amaris
|
0-0: Called Strike 0-1: Foul Ball, location: 2F 0-2: Ball 1-2: Ball 2-2: Ball 3-2: Foul Ball, location: 2F 3-2: Base on Balls Orlando Gonzalez to second
|
|
Batting: RHB Ellis Burks
|
0-0: Ball 1-0: Foul Ball, location: 2F 1-1: Foul Ball, location: 2F 1-2: Fielders Choice at 2nd, 3-6 (Groundball, 34S, EV 78.8 MPH) Orlando Gonzalez to third
|
|
Batting: RHB Moises Acosta
|
0-0: Swinging Strike 0-1: SINGLE (Line Drive, 9S, EV 85.6 MPH) Orlando Gonzalez scores Ellis Burks to second
|
|
Batting: RHB Adrien Perkins
|
0-0: Called Strike 0-1: SINGLE (Groundball, 4D, EV 102.5 MPH) Ellis Burks to third Moises Acosta to second Runner from 3rd tries for Home, SAFE, throw by RF to home
|
|
Batting: RHB Ignacio Velasquez
|
0-0: Grounds into double play, 6-4-3 (Groundball, 6, EV 80.6 MPH)
|
| Top of the 5th over - 2 runs, 2 hits, 0 errors, 1 left on base; Newark 3 - Geneva 8 |
| BOTTOM OF THE 5TH |
|
Geneva Red Legs batting - Pitching for Newark Black Sox : RHP Jay Fredlund
|
|
Batting: RHB Ricky Velasquez
|
0-0: Fly out, F7 (Flyball, 7D, EV 93.8 MPH)
|
|
Batting: LHB Juan Araujo
|
0-0: Ball 1-0: Called Strike 1-1: Called Strike 1-2: Strikes out looking
|
|
Batting: RHB Danny Reyes
|
0-0: Ball 1-0: Ball 2-0: Ball 3-0: Called Strike 3-1: Foul Ball, location: 2F 3-2: Base on Balls
|
|
Batting: RHB Bob Brower
|
0-0: Foul Ball, location: 2F 0-1: Ball 1-1: Foul Ball, location: 2F 1-2: SINGLE (Groundball, 56, EV 97.5 MPH) (infield hit) Danny Reyes to second
|
|
Batting: SHB Juan Castillo
|
0-0: Foul Ball, location: 2F 0-1: Ball 1-1: Swinging Strike 1-2: Ball 2-2: Ball 3-2: Foul Ball, location: 2F 3-2: Ground out 5-3 (Groundball, 5, EV 103.8 MPH)
|
| Bottom of the 5th over - 0 runs, 1 hit, 0 errors, 2 left on base; Newark 3 - Geneva 8 |
| TOP OF THE 6TH |
|
Newark Black Sox batting - Pitching for Geneva Red Legs : RHP Jerry Jenkins
|
|
Batting: RHB Jerry Bendorf
|
0-0: Ground out 6-3 (Groundball, 6M, EV 99.4 MPH)
|
|
Batting: RHB Henry Hubbard
|
0-0: Swinging Strike 0-1: Ball 1-1: Ground out 3-1 (Groundball, 34S, EV 85.0 MPH)
|
|
Batting: RHB Danny Griffin
|
0-0: Foul Ball, location: 2F 0-1: Foul Ball, location: 2F 0-2: Fly out, F9 (Flyball, 9LS, EV 89.4 MPH)
|
| Top of the 6th over - 0 runs, 0 hits, 0 errors, 0 left on base; Newark 3 - Geneva 8 |
| BOTTOM OF THE 6TH |
|
Geneva Red Legs batting - Pitching for Newark Black Sox : RHP Jay Fredlund
|
|
Batting: LHB Mike Kingery
|
0-0: Ball 1-0: Foul Ball, location: 2F 1-1: Ball 2-1: Foul Ball, location: 2F 2-2: Ball 3-2: Foul Ball, location: 2F 3-2: Base on Balls
|
|
Pitching: RHP Onofredo Tortima
|
|
|
Batting: LHB Orsino Hill
|
0-0: Ball 1-0: DOUBLE (Line Drive, 89D, EV 103.8 MPH) Mike Kingery to third
|
|
Batting: RHB Victor Mendoza
|
0-0: Swinging Strike 0-1: Ball 1-1: Ground out 5-3 (Groundball, 5, EV 86.3 MPH)
|
|
Batting: RHB Robby Thompson
|
0-0: Ball 1-0: Foul Ball, location: 2F 1-1: Ball 2-1: Called Strike 2-2: Ball 3-2: Strikes out swinging
|
|
Batting: RHB Ricky Velasquez
|
0-0: Ball 1-0: Ball 2-0: Called Strike 2-1: Fly out, F2 (Popup, 23F, EV 84.4 MPH)
|
| Bottom of the 6th over - 0 runs, 1 hit, 0 errors, 2 left on base; Newark 3 - Geneva 8 |
| TOP OF THE 7TH |
|
Newark Black Sox batting - Pitching for Geneva Red Legs : RHP Jerry Jenkins
|
|
Batting: RHB Orlando Gonzalez
|
0-0: Fly out, F8 (Flyball, 8LM, EV 88.8 MPH)
|
|
Batting: RHB Orlando Amaris
|
0-0: Ball 1-0: Called Strike 1-1: Swinging Strike 1-2: Ground out 1-3 (Groundball, 13S, EV 73.1 MPH)
|
|
Batting: RHB Ellis Burks
|
0-0: Called Strike 0-1: Called Strike 0-2: TRIPLE (Flyball, 78XD, EV 104.4 MPH)
|
|
Batting: RHB Moises Acosta
|
0-0: Ball Wild Pitch! Ellis Burks scores 1-0: DOUBLE (Line Drive, 8LXD, EV 101.9 MPH)
|
|
Batting: RHB Adrien Perkins
|
0-0: Called Strike 0-1: Swinging Strike 0-2: Ball 1-2: Foul Ball, location: 2F 1-2: Strikes out looking
|
| Top of the 7th over - 1 run, 2 hits, 0 errors, 1 left on base; Newark 4 - Geneva 8 |
| BOTTOM OF THE 7TH |
|
Geneva Red Legs batting - Pitching for Newark Black Sox : RHP Onofredo Tortima
|
|
Batting: LHB Juan Araujo
|
0-0: Ball 1-0: Foul Ball, location: 2F 1-1: Ball 2-1: Foul Ball, location: 2F 2-2: Ground out U3 (Groundball, 34, EV 97.5 MPH)
|
|
Batting: RHB Danny Reyes
|
0-0: Ball 1-0: Ball 2-0: Swinging Strike 2-1: Foul Ball, location: 2F 2-2: Ground out 6-3 (Groundball, 6, EV 81.3 MPH)
|
|
Batting: RHB Bob Brower
|
0-0: Ball 1-0: Ball 2-0: Fly out, F8 (Flyball, 8RXD, EV 100.0 MPH)
|
| Bottom of the 7th over - 0 runs, 0 hits, 0 errors, 0 left on base; Newark 4 - Geneva 8 |
| TOP OF THE 8TH |
|
Newark Black Sox batting - Pitching for Geneva Red Legs : RHP Jerry Jenkins
|
|
Batting: RHB Ignacio Velasquez
|
0-0: Ball 1-0: Foul Ball, location: 2F 1-1: Ground out 4-3 (Groundball, 4, EV 100.6 MPH)
|
|
Batting: RHB Jerry Bendorf
|
0-0: Ball 1-0: Swinging Strike 1-1: Ball 2-1: Ground out 5-3 (Groundball, 5, EV 86.3 MPH)
|
|
Batting: RHB Henry Hubbard
|
0-0: Ball 1-0: Ball 2-0: Foul Ball, location: 2F 2-1: SINGLE (Groundball, 34D, EV 101.3 MPH)
|
|
Batting: RHB Danny Griffin
|
0-0: Ball 1-0: Foul Ball, location: 2F 1-1: Foul Ball, location: 2F 1-2: Ball 2-2: Fielders Choice at 2nd, 5-4 (Groundball, 56, EV 86.3 MPH)
|
| Top of the 8th over - 0 runs, 1 hit, 0 errors, 1 left on base; Newark 4 - Geneva 8 |
| BOTTOM OF THE 8TH |
|
Geneva Red Legs batting - Pitching for Newark Black Sox : RHP Onofredo Tortima
|
|
Batting: SHB Juan Castillo
|
0-0: Ground out 6-3 (Groundball, 6, EV 110.0 MPH)
|
|
Batting: LHB Mike Kingery
|
0-0: Ball 1-0: Called Strike 1-1: TRIPLE (Line Drive, 78XD, EV 109.4 MPH)
|
|
Batting: LHB Orsino Hill
|
0-0: Ball 1-0: Ball 2-0: Foul Ball, location: 2F 2-1: Foul Ball, location: 2F 2-2: Ball 3-2: Strikes out swinging
|
|
Batting: RHB Victor Mendoza
|
0-0: Ball 1-0: Ground out 6-3 (Groundball, 6, EV 107.5 MPH)
|
| Bottom of the 8th over - 0 runs, 1 hit, 0 errors, 1 left on base; Newark 4 - Geneva 8 |
| TOP OF THE 9TH |
|
Newark Black Sox batting - Pitching for Geneva Red Legs : RHP Jerry Jenkins
|
|
Batting: RHB Orlando Gonzalez
|
0-0: Fly out, F7 (Flyball, 7LS, EV 89.4 MPH)
|
|
Batting: RHB Orlando Amaris
|
0-0: Ground out 3-1 (Groundball, 34S, EV 85.0 MPH)
|
|
Batting: RHB Ellis Burks
|
0-0: Ball 1-0: Foul Ball, location: 2F 1-1: Ball 2-1: Called Strike 2-2: Fly out, F8 (Flyball, 8RXD, EV 99.4 MPH)
|
| Top of the 9th over - 0 runs, 0 hits, 0 errors, 0 left on base; Newark 4 - Geneva 8 |
|